 Dungeon Crawl Stone Soup version 0.27-a0-423-gf312af23e9 (webtiles) character file.

Game seed: 15058955616065754809

2 mandarbmax the Chiller (level 1, -1/14 HPs)
             Began as a Minotaur Ice Elementalist on Feb 27, 2021.
             Slain by a hobgoblin (2 damage)
             ... on level 1 of the Dungeon.
             The game lasted 00:00:29 (39 turns).

mandarbmax the Chiller (Minotaur Ice Elementalist)    Turns: 39, Time: 00:00:29

Health: -1/14      AC:  2    Str: 12    XL:     1   Next: 33%
Magic:  0/1        EV: 12    Int: 12    God:
Gold:   0          SH:  0    Dex: 10    Spells: 1/2 levels left

rFire    . . .     SeeInvis .   (no weapon)
rCold    . . .     Faith    .   (no shield)
rNeg     . . .     Spirit   .   a - +0 robe
rPois    .         Reflect  .   (helmet restricted)
rElec    .         Harm     .   (no cloak)
rCorr    .         Rampage  .   (no gloves)
Will     .....                  (no boots)
Stlth    ++........             (no amulet)
HPRegen  0.04/turn              (no ring)
MPRegen  0.07/turn              (no ring)

@: no status effects
A: retaliatory headbutt, horns 2
a: no special abilities


You were on level 1 of the Dungeon.
You visited 1 branch of the dungeon, and saw 1 of its levels.

Inventory:

Armour
 a - a +0 robe (worn)


   Skills:
 + Level 2.2 Dodging
 + Level 1.7 Stealth
 + Level 1.4 Spellcasting
 - Level 3.0 Ice Magic


You had one spell level left.
You knew the following spells:

 Your Spells              Type           Power        Failure   Level
a - Freeze                Ice            32%          9%          1

Your spell library contained the following spells:

 Spells                   Type           Power        Failure   Level
 Frozen Ramparts          Ice            16%          26%         3
 Ozocubu's Armour         Ice            8%           26%         3
 Hailstorm                Conj/Ice       4%           83%         4
 Summon Ice Beast         Ice/Summ       4%           83%         4


Dungeon Overview and Level Annotations

Branches:
Dungeon (1/15)

Altars:


Innate Abilities, Weirdness & Mutations

You reflexively headbutt those who attack you in melee.
You have a pair of horns on your head.


Message History

Found a staircase leading out of the dungeon.
Found a scale mail.
You see here a +0 scale mail.
You see here a +0 leather armour.
A leopard gecko comes into view.
A bat comes into view.
A bat and a hobgoblin come into view.
The leopard gecko hisses angrily.
You barely miss the leopard gecko. The bat barely misses you.
You furiously retaliate!
You headbutt the bat. The leopard gecko barely misses you.
You freeze the bat.
You kill the bat!
The hobgoblin shouts!
The leopard gecko completely misses you.
You furiously retaliate!
You headbutt the leopard gecko. The leopard gecko bites you.
You barely miss the leopard gecko. The leopard gecko closely misses you.
The leopard gecko bites you.
You miss the leopard gecko. The leopard gecko closely misses you.
You furiously retaliate!
You headbutt the leopard gecko. You hit the leopard gecko.
The leopard gecko is severely wounded.
The leopard gecko bites you.
You hit the leopard gecko but do no damage.
The leopard gecko is severely wounded.
The leopard gecko bites you.
You hit the leopard gecko but do no damage.
Your headbutt misses the leopard gecko.
The leopard gecko is severely wounded.
The leopard gecko closely misses you.
You hit the leopard gecko.
You kill the leopard gecko!
Training target 3.0 for Ice Magic reached!
Your Ice Magic skill increases to level 3!
You closely miss the hobgoblin. The hobgoblin closely misses you.
You barely miss the hobgoblin. The hobgoblin hits you.
* * * LOW HITPOINT WARNING * * *
You hit the hobgoblin but do no damage. The hobgoblin hits you.
You die...

#.# #b ##.# #.##
...#
####.#.###..####
.......#......
#.........#
#...g.....#
#.##.$.##g#
#.##..###@#
#.........#
####..###.#
#......#
♣♣♣...♣♣♣
♣♣.......♣♣
♣♣..[......♣♣
♣....♣.♣....♣
♣...[.⌠.....♣


You could see a hobgoblin.

Vanquished Creatures
  A leopard gecko (D:1)
  A bat (D:1)
2 creatures vanquished.

Notes
Turn   | Place    | Note
-------+----------+-------------------------------------------
     0 | D:1      | mandarbmax the Minotaur Ice Elementalist began the quest
                  | for the Orb.
     0 | D:1      | Reached XP level 1. HP: 14/14 MP: 1/1
    37 | D:1      | Reached skill level 3 in Ice Magic
    39 | D:1      | Slain by a hobgoblin

Illustrated notes

Levels and vault maps discovered:
D:1:      amcnicky_arrival_underground_garden, layout_loops_corners,
          minmay_crystal_water

Skill      XL: |  1 |
---------------+----+-----
Ice Magic      | 3 |  3.0
Dodging        | |  2.2
Stealth        | |  1.7
Spellcasting   | |  1.4

Action                   || total
-------------------------++-------
Melee: Unarmed           ||    10
 Cast: Freeze            ||     1
Dodge: Dodged            ||     7

Table legend: (Time is in decaauts)
 A = Elapsed time spent in this place.
 B = Non-inter-level travel time spent in this place.
 C = Inter-level travel time spent in this place.
 D = Time resting spent in this place.
 E = Time spent auto-exploring this place.
 F = Levels seen in this place.
 G = Mean time per level.
                   A        B        C        D        E       F      G
               +--------+--------+--------+--------+--------+-----+--------+
         Total |     39 |     39 |      0 |      0 |     22 |   1 |   39.0 |
       Dungeon |     39 |     39 |      0 |      0 |     22 |   1 |   39.0 |
               +--------+--------+--------+--------+--------+-----+--------+

Top non-repeatable levels by time:
     D:1: 39 daAuts
